 Dungeon Crawl Stone Soup version 0.26.1-11-gd32895ea62 (webtiles) character file.

Game seed: 3174740690083423008

22 Pepete the Scratcher (level 2, -7/12 HPs)
             Began as a Felid Transmuter on June 2, 2021.
             Mangled by a kobold
             ... wielding a +2 dagger of electrocution
              (15 damage)
             ... on level 2 of the Dungeon.
             The game lasted 00:03:15 (2504 turns).

Pepete the Scratcher (Felid Transmuter)             Turns: 2504, Time: 00:03:16

Health: -7/12      AC:  1    Str:  6    XL:     2   Next: 68%
Magic:  6/6        EV: 18    Int: 14    God:
Gold:   66         SH:  0    Dex: 16    Spells: 4/5 levels left
                                        Lives:  0   Deaths: 0

rFire    . . .     SeeInvis +     - Unarmed
rCold    . . .     Faith    .   (shield unavailable)
rNeg     . . .     Spirit   .   (armour unavailable)
rPois    .         Reflect  .   (helmet unavailable)
rElec    .         Harm     .   (cloak unavailable)
rCorr    .         Rampage  .   (gloves unavailable)
Will     .....                  (boots unavailable)
Stlth    ++........             (no amulet)
HPRegen  0.04/turn              (no ring)
MPRegen  0.10/turn              (no ring)

@: quick
A: very small, no armour, no weapons or thrown items, stealth, claws 1, fangs 3,
see invisible, speed 1, shaggy fur 1, sharp paws
a: no special abilities


You were on level 2 of the Dungeon.
You visited 1 branch of the dungeon, and saw 2 of its levels.

You collected 66 gold pieces.

You aren't carrying anything.


   Skills:
 - Level 1.0 Fighting
 - Level 2.6 Dodging
 * Level 1.7 Stealth
 - Level 3.0 Unarmed Combat
 * Level 2.4 Spellcasting
 * Level 2.7 Transmutations


You had 4 spell levels left.
You knew the following spells:

 Your Spells              Type           Power        Failure   Level
a - Beastly Appendage     Tmut           18%          8%          1

Your spell library contained the following spells:

 Spells                   Type           Power        Failure   Level
 Wereblood                Tmut           9%           11%         2
 Spider Form              Tmut/Pois      2%           36%         3
 Ice Form                 Ice/Tmut       5%           77%         4
 Blade Hands              Tmut           4%           90%         5


Dungeon Overview and Level Annotations

Branches:
Dungeon (2/15)

Altars:


Innate Abilities, Weirdness & Mutations

You cannot wear armour.
You are incapable of wielding weapons or throwing items.
Your paws allow you to move quietly. (Stealth)
You have sharp claws.
You have razor-sharp teeth.
You have supernaturally acute eyesight. (SInv)
You cover ground quickly.
You are covered in fur. (AC +1)
Your sharp claws are effective at attacking unaware monsters.


Message History

You kill the hobgoblin!
Things that are here:
a cursed -1 club; a hobgoblin corpse You start resting.
You start resting.
HP restored.
You start waiting.
Done waiting.
You start waiting.
Done waiting.
There is a stone staircase leading down here.
You can't go up here!
You climb downwards.
The kobold throws a stone.
The stone misses you.
The kobold throws a stone.
The stone misses you.
There is a stone staircase leading up here.
You see here 3 stones.
The kobold hits you with a +2 dagger of electrocution.
You are electrocuted!
Ouch! That really hurt!
You die...

########## #.........
.#.## #####.########
...# #........# . #..#
#.###.##.# .##..#
###.###.##.# .....#
#..K@.#.##.#
#...########.#.#<#.##.#
.#.#...........)....##.#
........(.....#.#.####.#
..#.##.#####......#
#<########## ..#.##.#
#......### #...........
#.#.##.###......#
###.......##
#.#.##..........#
#.#####.#
#.#.######.....## #.#
#.#


You could see a kobold.

Vanquished Creatures
  A dart slug (D:1)
  A ball python (D:1)
  3 goblins
  2 hobgoblins (D:1)
  5 bats
  2 frilled lizards
  2 kobolds (D:1)
  5 rats
21 creatures vanquished.

Notes
Turn   | Place    | Note
-------+----------+-------------------------------------------
     0 | D:1      | Pepete the Felid Transmuter began the quest for the Orb.
     0 | D:1      | Reached XP level 1. HP: 9/9 MP: 4/4
   723 | D:1      | Reached skill level 1 in Stealth
   723 | D:1      | Reached XP level 2. HP: 12/12 MP: 6/6
  2504 | D:2      | Mangled by a kobold

Illustrated notes

Levels and vault maps discovered:
D:1:      giann_forest_graveyard, layout_basic, kennysheep_boxes
D:2:      minmay_roachtagon, layout_loops_ring, nicolae_overflow_hidden_temple,
          zin_academy, nzn_wu_jian_council_hall

Skill      XL: |  1 |
---------------+----+-----
Stealth        | 1 |  1.7
Fighting       | |  1.0
Dodging        | |  2.6
Unarmed Combat | |  3.0
Spellcasting   | |  2.4
Transmutations | |  2.7

Action                   || total
-------------------------++-------
Melee: Unarmed           ||    67
       Punch             ||     2
       Bite              ||     7
  Use: Scroll            ||     3
       Potion            ||     2
 Stab: Sleeping          ||     2
       Invisible         ||     1
Armor: Skin              ||     6
Dodge: Dodged            ||    69
